 Dungeon Crawl Stone Soup version 0.19-a0-503-g45a6586 (webtiles) character file.

14 tyrsky the Caller (level 2, 0/19 HPs)
             Began as a Merfolk Summoner on June 5, 2016.
             Succumbed to an adder's poison
             ... on level 1 of the Dungeon.
             The game lasted 00:01:30 (744 turns).

tyrsky the Caller (Merfolk Summoner)                 Turns: 744, Time: 00:01:30

Health: 0/19       AC:  3    Str:  8    XL:     2   Next: 41%
Magic:  2/5        EV: 13    Int: 14    God:
Gold:   98         SH:  0    Dex: 14    Spells: 1 memorised, 4 levels left

rFire  . . .     SeeInvis .     (no weapon)
rCold  . . .     Gourm    .     a - +0 robe
rNeg   . . .     Faith    .     (no shield)
rPois  .         Spirit   .     (no helmet)
rElec  .         Dismiss  .     e - +0 cloak
rCorr  .         Reflect  .     (no gloves)
SustAt .         Harm     .     (no boots)
MR     .....                    (no amulet)
Stlth  ++........               (no ring)
                                (no ring)

@: lethally poisoned (0 -> -8), not resistant to hostile enchantments,
unstealthy
A: change form in water, swift swim
a: no special abilities


You were on level 1 of the Dungeon.
You were not hungry.

You visited 1 branch of the dungeon, and saw 2 of its levels.

You collected 98 gold pieces.

Inventory:

Armour
 a - a +0 robe (worn)
 e - a +0 cloak (worn)
Jewellery
 i - an uncursed ring of positive energy {unknown}
Scrolls
 g - 5 scrolls of remove curse {unknown}
 h - a scroll of magic mapping {unknown}
 j - a scroll of noise {unknown}
 k - a scroll of identify {unknown}
Potions
 d - a potion of heal wounds {unknown}
 l - a potion of might {unknown}
Books
 b - a book of Callings

   Spells                             Type                      Level
   a - Summon Small Mammal            Summoning                    1
   b - Call Imp                       Summoning                    2
   c - Call Canine Familiar           Summoning                    3
   d - Summon Guardian Golem          Hexes/Summoning              3
   e - Summon Lightning Spire         Summoning/Air                4
   f - Summon Ice Beast               Ice/Summoning                4
Comestibles
 c - a bread ration
 f - a meat ration


   Skills:
 + Level 3.1 Dodging
 - Level 2.1 Stealth
 + Level 0.9 Unarmed Combat
 + Level 2.1 Spellcasting
 + Level 4.1 Summonings


You had 4 spell levels left.
You knew the following spells:

 Your Spells              Type           Power        Failure   Level  Hunger
a - Summon Small Mammal   Summ           ##..         4%          1    ##.....


Dungeon Overview and Level Annotations

Branches:
Dungeon (2/15)

Altars:


Message History

You feel sick.
Your quokka misses the adder. The adder barely misses you.
Your quokka completely misses the adder.
You swap places.
The adder bites your quokka.
Your quokka is poisoned.
The adder poisons your quokka!
Your quokka bites the adder but does no damage.
Your quokka closely misses the adder.
* * * LOW HITPOINT WARNING * * *
You feel sick. The adder bites your quokka.
Your quokka dies!
Your quokka's corpse disappears in a puff of smoke!
Your quokka completely misses the adder.
Casting: Summon Small Mammal
Confirm with . or Enter, or press ? or * to list all spells.
The adder bites you.
* * * LOW HITPOINT WARNING * * *
You are more poisoned.
The adder poisons you!
You swap places.
You die...

# #.....'.########## #
.####....##.....r...# #
..........#.#######.#
######......#.# #.#
....##......#.# #.#
###.##.....##.# #.# #
#.##....###.# #.#
###.###.#.###.#######.#
................mrSr.>#
##....#.#.....#########
####.##.#.##### #
#.##+#.# # #......# .#
##....... .# .....## .#
.....# .# ####.#


You could see an adder and 2 friendly quokkas.

Vanquished Creatures
  A giant gecko (D:1)
  A bat (D:1)
  A hobgoblin (D:1)
  A goblin (D:1)
4 creatures vanquished.

Vanquished Creatures (collateral kills)
  An ooze (D:1)
  2 dart slugs (D:1)
  A goblin (D:1)
  2 bats (D:1)
  A rat (D:1)
7 creatures vanquished.

Grand Total: 11 creatures vanquished

Notes
Turn   | Place    | Note
--------------------------------------------------------------
     0 | D:1      | tyrsky the Merfolk Summoner began the quest for the Orb.
     0 | D:1      | Reached XP level 1. HP: 13/13 MP: 3/3
   396 | D:1      | Reached XP level 2. HP: 14/19 MP: 0/5
   744 | D:1      | Succumbed to an adder's poison

Vault maps used:
D:1:      minmay_arrival_split_and_join
D:2:      old_standard_altar, nemelex_xobeh_ov_fountains_minmay, first_bread,
          grunt_ministairs_14, uniq_robin, uniq_jessica, uniq_iyjb

Skill      XL: |  1 |
---------------+----+-----
Dodging        | 3 |  3.1
Stealth        | |  2.1
Unarmed Combat | |  0.9
Spellcasting   | |  2.1
Summonings     | |  4.1

Action                   || total
-------------------------++-------
Melee: Unarmed           ||    27
 Cast: Summon Small Mamm ||    29
 Stab: Sleeping          ||     1
Armor: Robe              ||     7
Dodge: Dodged            ||    29
